 Dungeon Crawl Stone Soup version 0.28.0-53-g5a82cb258f (webtiles) character file.

Game seed: 11585364036292678406

91 H0rd4k the Charlatan (level 4, 0/33 HPs)
             Began as a Human Artificer on Aug 5, 2022.
             Slain by a gnoll
             ... wielding a +0 halberd
              (11 damage)
             ... on level 3 of the Dungeon.
             The game lasted 00:04:16 (4693 turns).

H0rd4k the Charlatan (Human Artificer)              Turns: 4693, Time: 00:04:17

Health: 0/33       AC:  3    Str: 13    XL:     4   Next: 88%
Magic:  4/4        EV: 11    Int: 13    God:
Gold:   150        SH:  0    Dex: 13    Spells: 3/3 levels left

rFire   . . .      SeeInvis .   c - +1 dagger (venom)
rCold   . . .      Faith    .   (no shield)
rNeg    . . .      Spirit   .   b - +0 leather armour
rPois   .          Reflect  .   (no helmet)
rElec   .          Harm     .   (no cloak)
rCorr   .          Rampage  .   (no gloves)
Will    .....                   (no boots)
Stlth   +.........              (no amulet)
HPRegen 0.11/turn               (no ring)
MPRegen 0.09/turn               (no ring)

@: no status effects
A: no striking features
a: no special abilities


You were on level 3 of the Dungeon.
You visited 1 branch of the dungeon, and saw 3 of its levels.

You collected 150 gold pieces.

Inventory:

Hand Weapons
 a - a +0 club
 c - a +1 dagger of venom (weapon)
Missiles
 l - 3 poisoned darts
Armour
 b - a +0 leather armour (worn)
Wands
 d - a wand of charming (14)
Scrolls
 f - 3 scrolls of identify {unknown}
 g - 2 scrolls of fear {unknown}
 h - a scroll of fog {unknown}
 j - a scroll of summoning {unknown}
 k - a scroll of teleportation {unknown}
 n - a scroll of enchant armour {unknown}
Potions
 i - a potion of heal wounds {unknown}
 m - a potion of curing {unknown}
 o - a potion of mutation {unknown}
Miscellaneous
 e - a piece from Xom's chessboard (9/15)


   Skills:
 + Level 1.8 Fighting
 + Level 1.3 Maces & Flails
 - Level 2.0 Armour
 + Level 1.9 Dodging
 - Level 1.0 Stealth
 * Level 0.1 Spellcasting
 + Level 4.2 Evocations


You had 3 spell levels left.
You didn't know any spells.
Your spell library was empty.

Dungeon Overview and Level Annotations

Branches:
Dungeon (3/15)

Altars:

Annotations:
D:1 1 exclusion
D:2 exclusion: worm
D:3 1 exclusion


Message History

Level annotation: exclusion: worm
There is a stone staircase leading down here.
You hit the gnoll but do no damage.
The gnoll is poisoned.
The gnoll hits you but does no damage.
You barely miss the gnoll.
The gnoll is lightly wounded.
The gnoll completely misses you.
You hit the gnoll but do no damage.
The gnoll looks as sick as possible!
The gnoll is lightly wounded.
The gnoll hits you with a +0 spear.
You barely miss the gnoll.
The gnoll is moderately wounded.
The gnoll hits you with a +0 spear.
The gnoll hits you from afar with a +0 spear!
* * * LOW HITPOINT WARNING * * *
You kill the gnoll!
Your piece from Xom's chessboard (9/15) has regained one charge.
Key pressed, stopping explore.
HP restored.
There is a stone staircase leading down here.
Things that are here:
a +0 spear; a +0 chain mail
There is a stone staircase leading down here.
You climb downwards.
Level annotation: 1 exclusion
There is a stone staircase leading up, spattered with blood here.
The gnoll throws a throwing net.
The throwing net hits you.
You become entangled in the net!
You see here a throwing net.
You struggle against the net.
You struggle against the net.
The gnoll barely misses you.
You shred the net and break free!
The gnoll hits you from afar with a +0 halberd!
The gnoll hits you with a +0 halberd!
There is a stone staircase leading up, spattered with blood here.
You closely miss the gnoll. The gnoll hits you with a +0 halberd.
You hit the gnoll.
The gnoll is poisoned.
The gnoll is moderately wounded.
The gnoll hits you with a +0 halberd!
You die...

#.####.## #.# #.######>#
.......######.# #........#
#.............#############..#
################......†......#
#.##########.## #.# #.# #.#
#.# #.# #.# #@# ..# #g# .##
#r# #.# #.# ####.# #....#
#.#### ....


You could see a gnoll (very poisoned) and a rat.

Vanquished Creatures
  2 gnolls
  An adder (D:2)
  2 worms (D:2)
  2 dart slugs
  2 orcs (D:2)
  2 endoplasms
  9 goblins
  7 hobgoblins
  4 jackals (D:2)
  2 quokkas
  5 ball pythons
  3 bats
  2 frilled lizards
  3 kobolds
  4 rats
50 creatures vanquished.

Vanquished Creatures (others)
  An orc (D:2)
1 creature vanquished.

Grand Total: 51 creatures vanquished

Notes
Turn   | Place    | Note
-------+----------+-------------------------------------------
     0 | D:1      | H0rd4k the Human Artificer began the quest for the Orb.
     0 | D:1      | Reached XP level 1. HP: 15/15 MP: 1/1
   197 | D:1      | Found a faded altar of an unknown god.
   436 | D:1      | Reached XP level 2. HP: 16/21 MP: 2/2
   938 | D:1      | Reached XP level 3. HP: 22/26 MP: 3/3
  1219 | D:2      | Reached skill level 4 in Evocations
  2076 | D:2      | Reached XP level 4. HP: 32/32 MP: 4/4
  2109 | D:2      | Reached skill level 1 in Maces & Flails
  4693 | D:3      | Slain by a gnoll

Illustrated notes

Levels and vault maps discovered:
D:1:      lemuel_arrival_lava_pool, layout_basic,
          dreamdust_ecumenical_altar_statues
D:2:      cheibrodos_greedy_goblins, layout_basic, serial_rivers,
          chequers_serial_rivers_room_b, chequers_serial_rivers_room_a,
          chequers_serial_rivers_small_b, chequers_serial_rivers_micro_e,
          chequers_serial_rivers_large_a, grunt_ministairs_4
D:3:      layout_loops_ring, serial_shops, nicolae_shop_bloodbath_and_beyond,
          kennysheep_generic_room_3

Skill      XL: |  1  2  3  4 |
---------------+-------------+-----
Evocations     | 4 |  4.2
Maces & Flails | 1 |  1.3
Fighting       | |  1.8
Armour         | |  2.0
Dodging        | |  1.9
Stealth        | |  1.0
Spellcasting   | |  0.1

Action                   |  1- 3 |  4- 6 || total
-------------------------+-------+-------++-------
Melee: Club              |    79 |   131 ||   210
       Punch             |     1 |     4 ||     5
       Dagger            |       |    25 ||    25
Evoke: Wand              |    15 |     1 ||    16
       Piece from Xom's  |       |     7 ||     7
 Stab: Sleeping          |     2 |       ||     2
Armor: Leather armour    |    26 |    44 ||    70
Dodge: Dodged            |    61 |    87 ||   148
